 Dungeon Crawl Stone Soup version 0.22.1-1-ga44c0e56f4 (webtiles) character file.

52 Jynx the Insei (level 3, -1/23 HPs)
             Began as an Octopode Transmuter on Nov 5, 2018.
             Slain by a goblin
             ... wielding a +0 dagger
             ... led by Robin
              (4 damage)
             ... on level 2 of the Dungeon.
             The game lasted 00:02:43 (1310 turns).

Jynx the Insei (Octopode Transmuter)                Turns: 1310, Time: 00:02:44

Health: -1/23      AC:  1    Str:  9    XL:     3   Next: 85%
Magic:  6/6        EV: 13    Int: 15    God:
Gold:   86         SH:  0    Dex: 13    Spells: 5/6 levels left

rFire    . . .     SeeInvis .     - Unarmed
rCold    . . .     Gourm    .   (no shield)
rNeg     . . .     Faith    .   (helmet restricted)
rPois    .         Spirit   .   (no amulet)
rElec    .         Reflect  .   (no ring)
rCorr    .         Harm     .   (no ring)
MR       .....                  (no ring)
Stlth    +++.......             (no ring)
HPRegen  0.07/turn              (no ring)
MPRegen  0.10/turn              (no ring)
                                (no ring)
                                (no ring)

@: appendage (expiring)
A: almost no armour, stealthy swim, amphibious, 8 rings, constrict 8, tentacle
spike 3, camouflage 1, gelatinous body 1
a: End Transformation


You were on level 2 of the Dungeon.
You were not hungry.
One of your tentacles had a temporary spike.
You visited 1 branch of the dungeon, and saw 2 of its levels.

You collected 86 gold pieces.

Inventory:

Missiles
 a - 43 arrows
Scrolls
 e - a scroll of teleportation
 h - a scroll of identify {unknown}
Potions
 b - a potion of brilliance {unknown}
 d - a potion of degeneration {unknown}
 f - a potion of agility {unknown}
Comestibles
 c - a ration
 g - 7 chunks of flesh


   Skills:
 + Level 1.0 Fighting
 + Level 2.1 Dodging
 + Level 1.2 Stealth
 + Level 4.0 Unarmed Combat
 + Level 2.3 Spellcasting
 + Level 2.2 Transmutations


You had 5 spell levels left.
You knew the following spells:

 Your Spells              Type           Power        Failure   Level  Hunger
a - Beastly Appendage     Tmut           #.....       9%          1    #......

Your spell library contained the following spells:

 Spells                   Type           Power        Failure   Level  Hunger
 Sticks to Snakes         Tmut           #.......     13%         2    ###....
 Spider Form              Tmut/Pois      #.........   38%         3    ###....
 Ice Form                 Ice/Tmut       #.......     80%         4    #####..
 Blade Hands              Tmut           #.........   93%         5    ######.


Dungeon Overview and Level Annotations

Branches:
Dungeon (2/15)

Altars:
Xom

Annotations:
D:2 Robin


Innate Abilities, Weirdness & Mutations

You cannot wear most types of armour.
You are very stealthy in the water. (Stealth+)
You are amphibious.
You can wear up to eight rings at the same time.
You can use your tentacles to constrict eight enemies at once.
Your skin changes colour to match your surroundings (Stealth+).
Your rubbery body absorbs attacks. (AC +1, EV +1)
One of your tentacles bears a large vicious spike.


Message History

You tentacle-slap the hobgoblin. You grab the hobgoblin.
You pierce the hobgoblin.
The hobgoblin is almost dead.
Your transformation is almost over.
You constrict the hobgoblin.
You kill the hobgoblin!
A giant cockroach comes into view.
The goblin closely misses you. The goblin hits you with a club.
Robin throws the goblin at you!
Items here: ))) †† a club x3; a hobgoblin corpse x2
Unknown command.
You tentacle-slap the goblin.
You kill the goblin!
The goblin hits you with a dagger.
* * * LOW HITPOINT WARNING * * *
The goblin misses you.
Robin laughs in a distinctly smug fashion.
The goblin hits you with a dagger.
You die... #....# #.# #....#####.# ...... ...........# .....# ...........##### .....# .....##........# ...s.# .....##........# g.... ..÷..##....[...# ggg

.
#...###........###.##....
#...######'####.@gg..#
................##.###
#....#####.####.# .#
.....#####.# #.....
..#........# #+##..#
.........#.# ..#
####.....#.# ..#
####.......# ...
......##.#.#


You could see a giant cockroach, a hobgoblin and 3 goblins.

Vanquished Creatures
  A gnoll (D:1)
  3 dart slugs
  A ball python (D:1)
  3 bats
  7 goblins
  4 hobgoblins (D:2)
  2 jackals (D:1)
  2 kobolds
  A quokka (D:2)
  3 frilled lizards
  7 rats
34 creatures vanquished.

Notes
Turn   | Place    | Note
-------+----------+-------------------------------------------
     0 | D:1      | Jynx the Octopode Transmuter began the quest for the Orb.
     0 | D:1      | Reached XP level 1. HP: 13/13 MP: 3/3
    96 | D:1      | Reached XP level 2. HP: 13/18 MP: 3/5
   382 | D:1      | Found a shimmering altar of Xom.
   390 | D:1      | Reached XP level 3. HP: 14/23 MP: 4/6
   514 | D:1      | Found a hide-covered altar of Uskayaw.
   514 | D:1      | Found a shimmering altar of Xom.
   516 | D:1      | Found a stormy altar of Qazlal.
   516 | D:1      | Found an ancient bone altar of Kikubaaqudgha.
   516 | D:1      | Found a bloodstained altar of Trog.
   950 | D:2      | Noticed Robin
  1166 | D:2      | Reached skill level 1 in Stealth
  1284 | D:2      | Reached skill level 4 in Unarmed Combat
  1310 | D:2      | Slain by a goblin

Skill      XL: |  1  2  3 |
---------------+----------+-----
Stealth        | 1 |  1.2
Unarmed Combat | 4 |  4.0
Fighting       | |  1.0
Dodging        | |  2.1
Spellcasting   | |  2.3
Transmutations | |  2.2

Action                   || total
-------------------------++-------
Melee: Unarmed           ||    68
       Constrict         ||    22
       Tentacles         ||    13
       Kick              ||    14
 Cast: Beastly Appendage ||    13
  Use: Scroll            ||     2
 Stab: Sleeping          ||     5
  Eat: Chunk             ||     1
Armor: Skin              ||     7
Dodge: Dodged            ||    42
